 Dungeon Crawl Stone Soup version 0.27-a0-679-g77a6b55cf3 (webtiles) character file.

Game seed: 10601170378680129515

102 jasper the Shield-Bearer (level 5, 0/41 HPs)
             Began as a Formicid Fighter on Mar 18, 2021.
             Slain by a bat (1 damage)
             ... on level 3 of the Dungeon.
             The game lasted 00:02:21 (1729 turns).

jasper the Shield-Bearer (Formicid Fighter)         Turns: 1729, Time: 00:02:22

Health: 0/41       AC:  6    Str: 22    XL:     5   Next: 6%
Magic:  5/5        EV:  8    Int:  7    God:
Gold:   52         SH: 10    Dex: 10    Spells: 4/4 levels left

rFire    + . .     SeeInvis +   a - +0 war axe
rCold    + . .     Faith    .   c - +0 kite shield
rNeg     . . .     Spirit   .   b - +0 scale mail
rPois    +         Reflect  .   (helmet unavailable)
rElec    +         Harm     .   (no cloak)
rCorr    +         Rampage  .   (no gloves)
Will     .....                  (no boots)
Stlth    ..........             (no amulet)
HPRegen  0.13/turn              (no ring)
MPRegen  0.09/turn              (no ring)

@: mighty, lethally poisoned (0 -> -3), resistant, attractive
A: permanent stasis, dig shafts and tunnels, antennae 3, four strong arms
a: Dig, Shaft Self


You were on level 3 of the Dungeon.
You visited 1 branch of the dungeon, and saw 3 of its levels.

You collected 52 gold pieces.

Inventory:

Hand Weapons
 a - a +0 war axe (weapon)
Missiles
 g - 53 stones (quivered)
Armour
 b - a +0 scale mail (worn)
 c - a +0 kite shield (worn)
Scrolls
 e - a scroll of summoning {unknown}
 l - a scroll of noise {unknown}
 m - a scroll of immolation {unknown}
 o - a scroll of silence {unknown}
Potions
 d - a potion of might
 i - a potion of degeneration {unknown}
 j - a potion of curing {unknown}
 k - a potion of invisibility {unknown}
 n - a potion of heal wounds {unknown}


   Skills:
 - Level 3.2 Fighting
 * Level 4.1 Axes
 - Level 3.2 Armour
 + Level 4.7 Shields


You had 4 spell levels left.
You didn't know any spells.
Your spell library contained the following spells:

 Spells                   Type           Power      Damage    Failure   Level
 Corona                   Hex            0%         N/A       97%         1
 Ensorcelled Hibernation  Hex/Ice        0%         N/A       99%         2
 Confusing Touch          Hex            0%         N/A       100%        3
 Dazzling Flash           Conj/Hex       0%         N/A       100%        3
 Tukima's Dance           Hex            0%         N/A       100%        3


Dungeon Overview and Level Annotations

Branches:
Dungeon (3/15)

Altars:
Vehumet
The Shining One

Shops:
D:1 [?[


Innate Abilities, Weirdness & Mutations

You cannot be hasted, slowed, berserked, paralysed or teleported.
You can dig through walls and to a lower floor.
You have a pair of large antennae on your head. (SInv)
Your four strong arms can wield two-handed weapons with a shield.


Message History

You closely miss the leopard gecko.
You feel sick.
The leopard gecko bites you but does no damage. x2
You take 2 damage, and have 17/35 hp.
You slash the leopard gecko!
You kill the leopard gecko!
You feel sick.
You barely miss the goblin.
You feel sick. The goblin hits you but does no damage.
You block the goblin's attack.
You take 1 damage, and have 16/35 hp.
You closely miss the goblin.
You feel sick. The goblin hits you but does no damage.
You take 1 damage, and have 15/35 hp.
You hit the goblin.
You kill the goblin!
You feel sick. The gnoll hits you with a +0 spear.
You take 4 damage, and have 11/35 hp.
You slash the gnoll!
The gnoll is almost dead.
You feel sick. The gnoll hits you with a +0 spear!
* * * LOW HITPOINT WARNING * * *
You hit the gnoll.
You kill the gnoll!
* * * LOW HITPOINT WARNING * * *
You feel sick. The bat hits you.
* * * LOW HITPOINT WARNING * * *
The bat hits you but does no damage.
You have reached level 5!
You barely miss the bat. The bat hits you but does no damage.
The bat barely misses you. You block the bat's attack.
You take 9 damage, and have 2/41 hp.
MASSIVE DAMAGE!!
MP restored: 5 It was a potion of resistance.
You feel protected.
* * * LOW HITPOINT WARNING * * *
You feel sick. The bat hits you but does no damage.
You take 1 damage, and have 1/41 hp.
It was a potion of attraction.
You feel attractive to monsters. The bat hits you.
You die...

##..$......######{{.#.#.#
#.........# #{.{# # #
#.........# #...#
#.........# #{{.#
#.........# ##{##
#.......).# ##{{#
#.........# ##{#{#
#b##.{. ##@#####
#..............
#+############.


You could see a bat.

Vanquished Creatures
  An adder (D:3)
  2 gnolls (D:3)
  An ooze (D:1)
  A worm (D:2)
  2 dart slugs
  2 leopard geckos
  6 bats
  6 giant cockroaches
  5 goblins
  2 hobgoblins
  15 jackals
  3 kobolds
  A quokka (D:1)
  A ball python (D:2)
  A frilled lizard (D:2)
  7 rats
56 creatures vanquished.

Vanquished Creatures (others)
  An orc (D:3)
1 creature vanquished.

Grand Total: 57 creatures vanquished

Notes
Turn   | Place    | Note
-------+----------+-------------------------------------------
     0 | D:1      | jasper the Formicid Fighter began the quest for the Orb.
     0 | D:1      | Reached XP level 1. HP: 18/18 MP: 1/1
    58 | D:1      | Reached XP level 2. HP: 16/24 MP: 2/2
   307 | D:1      | Found Atiharicri's Magic Scroll Emporium.
   339 | D:1      | Reached XP level 3. HP: 29/29 MP: 3/3
   403 | D:1      | Found Gaeruopt's Armour Emporium.
   768 | D:1      | Found Dizexkuts's Armour Boutique.
  1077 | D:2      | Reached XP level 4. HP: 35/35 MP: 4/4
  1505 | D:2      | Found a glowing golden altar of the Shining One.
  1687 | D:3      | Found a radiant altar of Vehumet.
  1726 | D:3      | HP: 1/35 [bat (1)]
  1727 | D:3      | Reached XP level 5. HP: 2/41 MP: 5/5
  1729 | D:3      | Slain by a bat

Illustrated notes

Levels and vault maps discovered:
D:1:      wander_arrival_chamber, layout_loops_corners, serial_shops,
          shop_fountains, shop, shop, nrook_mini_backslash
D:2:      layout_basic, overflow_temple_1_default
D:3:      layout_basic, fiery_altar_vehumet

Skill      XL: |  1  2  3  4 |
---------------+-------------+-----
Shields        | 4 |  4.7
Axes           | 3 4 |  4.1
Fighting       | |  3.2
Armour         | |  3.2

Action                   |  1- 3 |  4- 6 || total
-------------------------+-------+-------++-------
Melee: War axe           |   113 |    61 ||   174
 Abil: Dig               |       |     1 ||     1
  Use: Potion            |       |     3 ||     3
Armor: Scale mail        |    75 |    35 ||   110
Dodge: Dodged            |    50 |    26 ||    76
Block: Kite shield       |    67 |    58 ||   125

Table legend: (Time is in decaauts)
 A = Elapsed time spent in this place.
 B = Non-inter-level travel time spent in this place.
 C = Inter-level travel time spent in this place.
 D = Time resting spent in this place.
 E = Time spent auto-exploring this place.
 F = Levels seen in this place.
 G = Mean time per level.
                   A        B        C        D        E       F      G
               +--------+--------+--------+--------+--------+-----+--------+
         Total |   1825 |   1788 |     37 |     49 |   1274 |   3 |  608.3 |
       Dungeon |   1825 |   1788 |     37 |     49 |   1274 |   3 |  608.3 |
               +--------+--------+--------+--------+--------+-----+--------+

Top non-repeatable levels by time:
     D:1: 1099 daAuts
     D:2: 675 daAuts
     D:3: 51 daAuts
